 Dungeon Crawl Stone Soup version 0.19.1 (webtiles) character file.

2792 CanadianGator the Twirler (level 9, -2/79 HPs)
             Began as a Minotaur Gladiator on Nov 29, 2016.
             Was a Priest of Okawaru.
             Slain by a redback (6 damage)
             ... summoned by a deep elf mage
             ... on level 7 of the Dungeon.
             The game lasted 00:19:48 (5654 turns).

CanadianGator the Twirler (Minotaur Gladiator)      Turns: 5654, Time: 00:19:48

Health: -2/79      AC:  9    Str: 20    XL:     9   Next: 43%
Magic:  11/11      EV: 15    Int: 11    God:    Okawaru [***...]
Gold:   412        SH:  0    Dex: 16    Spells: 0 memorised, 8 levels left

rFire  . . .     SeeInvis +     K - +9 trident of Honour {pierce, +Inv Int+4 SInv}
rCold  . . .     Gourm    .     M - +1 ring mail of Zecyuluo {rN+ Stlth+}
rNeg   + . .     Faith    .     (no shield)
rPois  .         Spirit   .     (helmet restricted)
rElec  +         Reflect  .     (no cloak)
rCorr  .         Harm     .     L - +1 pair of gloves
MR     .....     Clarity  +     (no boots)
Stlth  ++........               Q - amulet of inaccuracy (curse)
                                E - ring of wizardry
                                y - +2 ring of dexterity

@: lethally poisoned (-2 -> -66), about to teleport, drained
A: retaliatory headbutt, hooves 1, horns 2, clarity, clever 1, electricity
resistance
a: Heroism, Renounce Religion, Evoke Invisibility


You were on level 7 of the Dungeon.
You worshipped Okawaru.
Okawaru was most pleased with you.
You were hungry.

You visited 1 branch of the dungeon, and saw 7 of its levels.
You also visited: Ossuary.

You collected 412 gold pieces.

Inventory:

Hand Weapons
 a - a +0 quarterstaff
 i - a +0 glaive
 K - the +9 trident of Honour (weapon) {pierce, +Inv Int+4 SInv}
   (You found it on level 5 of the Dungeon)

   It inflicts extra damage upon your enemies.
   It affects your intelligence (+4).
   It lets you see invisible.
   It lets you turn invisible.
Missiles
 d - 2 throwing nets (quivered)
 P - 6 steel javelins
Armour
 e - the +1 robe of Fashionability {*Slow rN+ Str+5}
   (You found it on level 5 of the Dungeon)

   It affects your strength (+5).
   It protects you from negative energy.
   It may slow you when you take damage.
 p - a +2 leather armour of positive energy
 r - a +1 pair of boots
 L - a +1 pair of gloves (worn)
 M - the +1 ring mail of Zecyuluo (worn) {rN+ Stlth+}
   (You found it on level 5 of the Dungeon)

   It protects you from negative energy.
   It makes you more stealthy.
Jewellery
 j - a +3 ring of intelligence
 q - a +4 ring of intelligence
 u - a +4 ring of intelligence
 y - a +2 ring of dexterity (left hand)
 E - a ring of wizardry (right hand)
 Q - a cursed amulet of inaccuracy (around neck)
Wands
 w - a wand of lightning (7/15)
 G - a wand of flame (17/48)
 J - a wand of acid (7/15)
Scrolls
 h - 3 scrolls of recharging
 k - 2 scrolls of remove curse
 l - 2 scrolls of teleportation
 n - 2 scrolls of fear {unknown}
 s - a scroll of amnesia {unknown}
 H - 2 scrolls of blinking {unknown}
 I - a scroll of magic mapping {unknown}
Potions
 b - a potion of beneficial mutation {unknown}
 g - a potion of mutation {unknown}
 v - 4 potions of flight
 x - a potion of invisibility {unknown}
 z - 6 potions of curing
 A - 2 potions of degeneration {unknown}
 B - 4 potions of agility
 C - a potion of berserk rage {unknown}
 D - 3 potions of lignification {unknown}
 F - 2 potions of heal wounds
 N - 2 potions of resistance {unknown}
Books
 c - a book of Minor Magic

   Spells                             Type                      Level
   a - Magic Dart                     Conjuration                  1
   b - Blink                          Translocation                2
   c - Call Imp                       Summoning                    2
   d - Repel Missiles                 Charms/Air                   2
   e - Slow                           Hexes                        2
   f - Conjure Flame                  Conjuration/Fire             3
   g - Mephitic Cloud                 Conjuration/Poison/Air       3
Comestibles
 f - 5 bread rations
 m - 4 meat rations
 o - 2 beef jerkies
 t - 2 slices of pizza


   Skills:
 + Level 7.3(7.0) Fighting
 + Level 2.6(5.2) Polearms
 + Level 7.5(7.4) Staves
 + Level 5.6(5.3) Throwing
 + Level 6.2(5.9) Armour
 + Level 6.1(5.8) Dodging
 + Level 4.1(3.8) Invocations


You had 8 spell levels left.
You didn't know any spells.

Dungeon Overview and Level Annotations

Branches:
Dungeon (7/15)             Temple (0/1) D:7

Altars:
Ashenzari
Fedhas
Gozag
Hepliaklqana
Makhleb
Okawaru
Sif Muna
Vehumet
Yredelemnul
Zin

Shops:
D:6 }(}([


Innate Abilities, Weirdness & Mutations

You reflexively headbutt those who attack you in melee.
You have a pair of horns on your head.
You have large cloven feet.
You possess an exceptional clarity of mind.
Your mind is acute. (Int +2)
You are resistant to electric shocks. (rElec)


Message History

The redback barely misses you. You furiously retaliate!
You headbutt the redback! The redback bites you!
The redback closely misses you. You furiously retaliate!
You headbutt the redback!
The deep elf mage hits you but does no damage.
The redback closely misses you. The redback completely misses you.
The redback bites you!
* * * LOW HITPOINT WARNING * * *
As you read the scroll of teleportation, it crumbles to dust.
You feel strangely unstable. The redback bites you.
* * * LOW HITPOINT WARNING * * *
You are lethally poisoned!
The redback poisons you! The redback closely misses you. The redback bites you.
* * * LOW HITPOINT WARNING * * *
You are more poisoned.
The redback poisons you! The redback closely misses you. The redback bites you.
* * * LOW HITPOINT WARNING * * *
The deep elf mage closely misses you. You furiously retaliate!
You headbutt the deep elf mage. The redback bites you.
You die...

#......#.###..#.#.#######
##.#####......<.#....
...#)...........#..##
####.########..##..#
#..#.......# #.......#.##
##.#.#..#.#
...#.#.sss#####
############.#.e@.....#
.............#..ss...(#
##############........#
#.##+##### ...# #####


You could see a deep elf mage and 5 redbacks.

Vanquished Creatures
  Joseph (D:7)
  Sigmund (D:3)
  2 orc warriors
  2 sky beasts
  2 ogres
  7 worker ants
  3 centaurs
  An elf zombie (Ossuary)
  A bullfrog (D:7)
  A scorpion (D:6)
  2 centaur zombies (Ossuary)
  3 human zombies (Ossuary)
  A jelly (D:6)
  A hound (D:5)
  2 centaur skeletons
  6 orc priests
  An iguana (D:6)
  7 orc wizards
  A big kobold zombie (Ossuary)
  5 hound zombies (Ossuary)
  3 mummies (Ossuary)
  5 gnolls
  A howler monkey skeleton (D:4)
  9 adders
  A shadow imp (D:5)
  3 oozes
  3 adder zombies (Ossuary)
  2 adder skeletons
  3 worms
  4 dart slugs
  5 leopard geckos
  23 orcs
  9 bats
  9 giant cockroaches
  7 goblins
  15 hobgoblins
  15 jackals
  6 quokkas
  3 ball pythons
  5 frilled lizards
  2 gnoll zombies (Ossuary)
  4 goblin zombies
  6 hobgoblin zombies (Ossuary)
  3 jackal zombies
  12 kobolds
  An orc zombie (Ossuary)
  5 quokka zombies (Ossuary)
  2 rats
  3 rat zombies (Ossuary)
219 creatures vanquished.

Vanquished Creatures (others)
  A human (D:3)
  An orc (D:3)
  A giant cockroach (D:3)
  A goblin (D:3)
  A hobgoblin (D:3)
5 creatures vanquished.

Grand Total: 224 creatures vanquished

Notes
Turn   | Place    | Note
-------+----------+-------------------------------------------
     0 | D:1      | CanadianGator the Minotaur Gladiator began the quest for the Orb.
     0 | D:1      | Reached XP level 1. HP: 18/18 MP: 0/0
   226 | D:1      | Reached XP level 2. HP: 25/25 MP: 1/1
   315 | D:1      | Reached skill level 1 in Armour
   408 | D:1      | Reached XP level 3. HP: 20/30 MP: 2/2
  1087 | D:2      | Found an iron altar of Okawaru.
  1087 | D:2      | Reached XP level 4. HP: 38/38 MP: 3/3
  1113 | D:2      | Became a worshipper of Warmaster Okawaru
  1375 | D:2      | Found a hazy altar of Hepliaklqana.
  1448 | D:2      | Reached XP level 5. HP: 42/46 MP: 4/4
  1856 | D:3      | Found a glowing silver altar of Zin.
  1858 | D:3      | Noticed an angel
  1859 | D:3      | Found a burning altar of Makhleb.
  1859 | D:3      | Noticed a balrug
  1923 | D:3      | Noticed Sigmund
  1936 | D:3      | Killed Sigmund
  1936 | D:3      | Reached * piety under Okawaru
  1936 | D:3      | Reached skill level 1 in Invocations
  1936 | D:3      | Reached XP level 6. HP: 48/53 MP: 5/5
  1972 | D:3      | Found a runed door.
  1972 | D:3      | Noticed a human
  1976 | D:3      | Found a basalt altar of Yredelemnul.
  2091 | D:3      | Killed a human
  2260 | D:3      | Found a deep blue altar of Sif Muna.
  2268 | D:3      | Reached skill level 5 in Staves
  2558 | D:4      | Reached XP level 7. HP: 29/60 MP: 4/7
  3003 | D:4      | Reached skill level 5 in Fighting
  3027 | D:4      | Found a radiant altar of Vehumet.
  3285 | D:5      | Entered Level 5 of the Dungeon
  3381 | D:5      | Reached ** piety under Okawaru
  3425 | D:5      | Reached skill level 5 in Dodging
  3556 | D:5      | Reached XP level 8. HP: 48/69 MP: 7/9
  3560 | D:5      | Gained mutation: Your muscles are strong. (Str +2) [mutagenic meat]
  3561 | D:5      | Gained mutation: Your mind is acute. (Int +2) [mutagenic meat]
  3562 | D:5      | Lost mutation: Your muscles are strong. (Str +2) [mutagenic meat]
  3563 | D:5      | Gained mutation: You have large cloven feet. [mutagenic meat]
  3564 | D:5      | Gained mutation: You possess an exceptional clarity of mind. [mutagenic meat]
  3565 | D:5      | Gained mutation: You are resistant to electric shocks. (rElec) [mutagenic meat]
  3622 | D:5      | Got a scorched trident
  3659 | D:5      | Identified the +9 trident of Honour {pierce, +Inv Int+4 SInv} (You found it on level 5 of the Dungeon)
  3685 | D:5      | Got a silken robe
  3699 | D:5      | Identified the cursed +1 robe of Fashionability {*Slow rN+ Str+5} (You found it on level 5 of the Dungeon)
  3839 | D:5      | Found a radiant altar of Vehumet.
  4021 | D:5      | Got a scorched ring mail
  4115 | D:5      | Identified the +1 ring mail of Zecyuluo {rN+ Stlth+} (You found it on level 5 of the Dungeon)
  4290 | D:6      | Found a sand-covered staircase.
  4298 | Ossuary  | Entered an ossuary
  4383 | Ossuary  | Reached skill level 5 in Armour
  4481 | Ossuary  | Reached *** piety under Okawaru
  4614 | D:6      | Found Wydwobbe's Antique Armour Emporium.
  4677 | D:6      | Reached skill level 5 in Throwing
  4769 | D:6      | Received a gift from Okawaru
  4861 | D:6      | Found a shattered altar of Ashenzari.
  4932 | D:6      | Reached skill level 1 in Polearms
  4933 | D:6      | Found Huhah's Weapon Shoppe.
  4980 | D:6      | Found Riuhoen's Gadget Shop.
  5171 | D:6      | Found Mojint's Gadget Shoppe.
  5181 | D:6      | Found Oschoar's Weapon Shoppe.
  5205 | D:6      | Reached XP level 9. HP: 71/78 MP: 10/10
  5256 | D:7      | Found a staircase to the Ecumenical Temple.
  5295 | D:7      | Noticed Joseph
  5306 | D:7      | Killed Joseph
  5337 | D:7      | Received a gift from Okawaru
  5446 | D:7      | Found an opulent altar of Gozag.
  5446 | D:7      | Found a blossoming altar of Fedhas.
  5446 | D:7      | Found an iron altar of Okawaru.
  5639 | D:7      | Noticed a deep elf mage
  5654 | D:7      | Slain by a redback

Skill      XL: |  1  2  3  4  5  6  7  8  9 |
---------------+----------------------------+-----
Armour         | 1 2 3 4 5 6 |  6.2
Staves         | 4 5 6 7 |  7.5
Fighting       | 3 4 5 6 7 |  7.3
Throwing       | 3 4 5 |  5.6
Dodging        | 4 5 6 |  6.1
Invocations    | 1 2 3 4 |  4.1
Polearms       | 1 2 |  2.6

Action                   |  1- 3 |  4- 6 |  7- 9 || total
-------------------------+-------+-------+-------++-------
Melee: Quarterstaff      |    23 |       |       ||    23
       Headbutt          |     7 |    27 |    51 ||    85
       Spear             |    54 |   155 |    91 ||   300
       Punch             |       |     1 |       ||     1
       Trident           |       |       |   208 ||   208
       Kick              |       |       |    12 ||    12
Throw: Throwing net      |       |       |     2 ||     2
Invok: Heroism           |       |     1 |       ||     1
  Use: Scroll            |       |       |     9 ||     9
       Potion            |       |       |     1 ||     1
 Stab: Distracted        |       |     1 |       ||     1
       Sleeping          |       |       |     4 ||     4
  Eat: Chunk             |       |     4 |    15 ||    19
       Royal jelly       |       |       |     1 ||     1
Armor: Leather armour    |    14 |    42 |    21 ||    77
       Ring mail         |       |       |    42 ||    42
       Robe              |       |       |     1 ||     1
Dodge: Dodged            |    35 |    70 |   157 ||   262
